 Dungeon Crawl Stone Soup version 0.30-a0-385-gfebfb9b408 (webtiles) character file.

Game seed: 5411088572463989523

4105 p00ps00p the Cleaver (level 10, -9/91 HPs)
             Began as a Hill Orc Fighter on Dec 3, 2022.
             Was an Initiate of Gozag.
             Killed from afar by an electric eel (12 damage)
             ... with a bolt of electricity
             ... on level 9 of the Dungeon.
             The game lasted 00:16:30 (9610 turns).

p00ps00p the Cleaver (Hill Orc Fighter)             Turns: 9610, Time: 00:16:32

Health: -9/91      AC: 11    Str: 24    XL:     10   Next: 26%
Magic:  10/10      EV:  8    Int:  8    God:    Gozag
Gold:   69         SH:  7    Dex: 10    Spells: 9/9 levels left

rFire   . . .      SeeInvis .    a - +2 war axe
rCold   . . .      Faith    .    c - +1 buckler
rNeg    . . .      Spirit   .    x - +0 chain mail
rPois   +          Reflect  .    (no helmet)
rElec   .          Harm     .    (no cloak)
rCorr   .          Rampage  .    (no gloves)
Will    .....                    (no boots)
Stlth   ..........               (no amulet)
HPRegen 0.35/turn                e - ring of poison resistance
MPRegen 0.12/turn                (no ring)

@: no status effects
A: no striking features
a: Renounce Religion, Potion Petition, Call Merchant, Bribe Branch


You were on level 9 of the Dungeon.
You worshipped Gozag.
Gozag was noncommittal.
You visited 2 branches of the dungeon, and saw 10 of its levels.

You collected 1229 gold pieces.
You spent 673 gold pieces at shops.
You paid 487 gold pieces to Gozag.

Inventory:

Hand Weapons
 a - a +2 war axe (weapon)
Missiles
 g - 19 poisoned darts (quivered)
 y - a throwing net
Armour
 c - a +1 buckler (worn)
 d - the +1 ring mail "Jival" {rC+}
   (You found it on level 2 of the Dungeon)

   rC:        It protects you from cold.
 x - a +0 chain mail (worn)
Jewellery
 e - a ring of poison resistance (left hand)
Wands
 o - a wand of mindburst (4)
 s - a wand of charming (28)
 w - a wand of polymorph (11)
Scrolls
 n - a scroll of identify
 q - 2 scrolls of amnesia
 r - a scroll of teleportation
Potions
 f - 5 potions of cancellation
 h - 3 potions of resistance
 i - 3 potions of curing
 j - a potion of flight
 k - a potion of ambrosia
 l - a potion of brilliance
 m - a potion of might
 p - a potion of berserk rage
 v - a potion of haste {unknown}


   Skills:
 + Level 9.5 Fighting
 + Level 9.9 Axes
 + Level 8.6 Armour
 + Level 8.7 Shields


You had 9 spell levels left.
You didn't know any spells.
Your spell library contained the following spells:

 Spells                   Type           Power      Damage    Failure   Level
 Cigotuvi's Dreadful Rot  Necr/Pois/Air  0%         N/A       99%         2
 Poisonous Vapours        Pois/Air       0%         N/A       99%         2
 Ignite Poison            Fire/Tmut/Pois 0%         N/A       100%        3
 Inner Flame              Hex/Fire       0%         N/A       100%        3
 Kindle Blastsparks       Fire/Tloc/Air  0%         2d10      100%        3
 Mephitic Cloud           Conj/Pois/Air  0%         N/A       100%        3
 Summon Guardian Golem    Hex/Summ       0%         N/A       100%        3
 Cause Fear               Hex            0%         N/A       100%        4
 Freezing Cloud           Conj/Ice/Air   0%         6-21      100%        5
 Orb of Destruction       Conj           0%         9d5       100%        7
 Spellforged Servitor     Conj/Summ      0%         N/A       100%        7
 Discord                  Hex            0%         N/A       100%        8


Dungeon Overview and Level Annotations

Branches:
Dungeon (9/15)             Temple (1/1) D:4
   Lair: D:8-11         Orc: D:9-12

Altars:
Ashenzari
Cheibriados
Dithmenos
Elyvilon
Fedhas
Gozag
Hepliaklqana
Kikubaaqudgha
Makhleb
Nemelex Xobeh
Okawaru
Qazlal
Ru
Trog
Uskayaw
Vehumet
Wu Jian
Xom
Yredelemnul
Zin
The Shining One

Shops:
D:2 *!*(*   D:8 ?

Annotations:
D:3 2 transporters, Ijyb, Menkaure


Message History

The killer bee closely misses you. You block the killer bee's attack.
The killer bee stings you.
* * * LOW HITPOINT WARNING * * *
The killer bee stings you.
* * * LOW HITPOINT WARNING * * *
The killer bee closely misses you. The killer bee completely misses you.
You block the killer bee's attack.
The killer bee stings you but does no damage.
The wolf howls!
You feel better.
The killer bee is distracted by your dazzling golden aura.
The killer bee barely misses you. You block the killer bee's attack.
The killer bee is distracted by your dazzling golden aura.
The killer bee barely misses you.
The killer bee stings you but does no damage.
The killer bee stings you!
* * * LOW HITPOINT WARNING * * *
The killer bee stings you but does no damage.
The killer bee buzzes angrily.
You feel better.
Your surroundings suddenly seem different.
A cyclops and 3 yaks come into view.
Found a stone staircase leading down.
The cyclops shouts!
The yak bellows! x2; You hear a shout! x3
The cyclops throws a large rock.
The large rock hits you!!
* * * LOW HITPOINT WARNING * * *
The yak moves out of view.
A hound comes into view. x2
The hound barks! x2; You hear a bark!
You hear a shout!
A hound comes into view.
Found Kiusch's Incunable of Atmospheric Generation and 16 gold pieces.
A wolf comes into view.
Found a stone staircase leading up.
The wolf howls! x2; You hear a shout!
You hear an angry buzzing noise. x3
You hear a shout!
The hound barely misses you.
The electric eel shoots out a bolt of lightning at you!
The bolt of electricity hits you!
You die...
Your body crumbles into a pile of gold.

~≈~~ ~≈≈≈~.< .
~≈≈≈~.. .. ~≈≈≈~$.
.# h≈≈≈~.: ..#
~≈≈~.#.########..##.
≈≈~...........C.....
.~~..#hh.Y.Y.#
~..~...@#####......#
~.~~S≈..h...#
.##....
≈.~≈~≈~~?.### .# ..
~.h≈~~....# .#
~.≈~......# .#
..........#### ##
.......h.....
#....y.###...#
##<.y..#.#.#


You could see a cyclops, 2 yaks, 2 wolves, 3 hounds and an electric eel.

Vanquished Creatures
  Sigmund (D:2)
  A shadow (D:7)
  5 yaks (D:8)
  A steam dragon (D:6)
  2 water moccasins
  An orc warrior (D:7)
  3 sky beasts
  A black bear (D:3)
  An ogre (D:6)
  A centaur (D:5)
  2 phantoms
  A kobold brigand (D:7)
  6 bullfrogs
  A gnoll sergeant (D:6)
  2 scorpions (D:7)
  5 wights (D:8)
  7 killer bees
  A howler monkey (D:8)
  3 hounds
  6 orc priests
  2 iguanas (D:6)
  4 orc wizards
  8 gnolls
  6 adders
  A shadow imp (D:8)
  An ufetubus (D:5)
  2 dart slugs
  39 orcs
  5 endoplasms
  2 giant cockroaches
  12 goblins
  7 hobgoblins
  7 jackals (D:5)
  14 kobolds
  A quokka (D:2)
  8 ball pythons
  4 bats
  4 frilled lizards
  7 rats
185 creatures vanquished.

Vanquished Creatures (others)
  A killer bee (D:9)
  A kobold (D:1)
2 creatures vanquished.

Grand Total: 187 creatures vanquished

Notes
Turn   | Place    | Note
-------+----------+-------------------------------------------
     0 | D:1      | p00ps00p the Hill Orc Fighter began the quest for the Orb.
     0 | D:1      | Reached XP level 1. HP: 19/19 MP: 1/1
   239 | D:1      | Reached XP level 2. HP: 27/27 MP: 2/2
   594 | D:1      | Reached XP level 3. HP: 33/33 MP: 3/3
   801 | D:2      | Found Uhaxuef's General Store.
   801 | D:2      | Found Bubbass's Distillery.
   853 | D:2      | Noticed Sigmund
   859 | D:2      | Killed Sigmund
   860 | D:2      | Reached XP level 4. HP: 40/41 MP: 4/4
   860 | D:2      | Reached XP level 5. HP: 45/47 MP: 5/5
   877 | D:2      | Found Gonip's General Store.
   932 | D:2      | Identified the +1 ring mail "Jival" {rC+}
   992 | D:2      | Found Ugrimpir's Antique Weapon Shop.
  1122 | D:2      | Found Kadaquk's General Store.
  1601 | D:3      | Reached skill level 5 in Fighting
  1693 | D:3      | Noticed a black bear
  1699 | D:3      | Reached XP level 6. HP: 56/56 MP: 6/6
  1704 | D:3      | Killed a black bear
  1977 | D:3      | Found a transporter.
  1980 | D:3      | Found a transporter.
  1999 | D:3      | Found an ancient bone altar of Kikubaaqudgha.
  2006 | D:3      | Noticed Menkaure
  2006 | D:3      | Noticed Ijyb
  2013 | D:3      | Found a basalt altar of Yredelemnul.
  2339 | D:4      | Reached skill level 5 in Axes
  2341 | D:4      | Found a staircase to the Ecumenical Temple.
  2402 | Temple   | Entered the Ecumenical Temple
  2564 | D:4      | Reached skill level 5 in Armour
  2564 | D:4      | Reached skill level 5 in Shields
  2564 | D:4      | Reached XP level 7. HP: 52/61 MP: 7/7
  2951 | D:5      | Entered Level 5 of the Dungeon
  2951 | D:5      | Found an opulent altar of Gozag.
  2951 | D:5      | Found a blossoming altar of Fedhas.
  2959 | D:5      | Became a worshipper of Gozag Ym Sagoz the Greedy
  3762 | D:5      | Found a hazy altar of Hepliaklqana.
  4144 | D:5      | Found a glowing golden altar of the Shining One.
  4257 | D:6      | Reached XP level 8. HP: 70/71 MP: 8/8
  4302 | D:6      | HP: 1/71 [something (15)]
  4700 | D:6      | HP: 1/71 [gnoll sergeant/+2 spear of pain (8)]
  6017 | D:7      | Reached XP level 9. HP: 70/79 MP: 9/9
  6902 | D:7      | HP: 3/82 [poisoned by a killer bee]
  7901 | D:8      | Bought a scroll of blinking for 105 gold pieces
  7901 | D:8      | Bought a scroll of identify for 28 gold pieces
  7901 | D:8      | Bought a scroll of teleportation for 42 gold pieces
  7901 | D:8      | Bought a scroll of identify for 28 gold pieces
  7901 | D:8      | Bought a scroll of identify for 28 gold pieces
  7901 | D:8      | Bought a scroll of identify for 28 gold pieces
  8239 | D:8      | Reached XP level 10. HP: 31/91 MP: 10/10
  9369 | D:2      | Bought a potion of curing for 30 gold pieces
  9369 | D:2      | Bought a potion of curing for 30 gold pieces
  9379 | D:2      | Bought a potion of curing for 33 gold pieces
  9379 | D:2      | Bought a potion of cancellation for 88 gold pieces
  9379 | D:2      | Bought a potion of heal wounds for 55 gold pieces
  9379 | D:2      | Bought 2 potions of curing for 66 gold pieces
  9414 | D:2      | Bought 2 potions of curing for 84 gold pieces
  9414 | D:2      | Bought a scroll of identify for 28 gold pieces
  9605 | D:9      | Noticed a cyclops
  9605 | D:9      | HP: 1/91 [cyclops/large rock (24)]
  9610 | D:9      | Killed from afar by an electric eel

Illustrated notes

Levels and vault maps discovered:
D:1:      dpeg_arrival_three_same_balls, layout_basic, moated_statue,
          corner_web_ring
D:2:      layout_rooms, serial_shops, shop_statue, nicolae_shop_statue_plus,
          nicolae_shop_crystal, shop, shop, chequers_arboretum,
          nicolae_underground_beach, uniq_sigmund
D:3:      layout_loops_ring, gammafunk_temple_of_torment, uniq_ijyb
D:4:      layout_cave_pools, minmay_temple_entry_ruins,
          minmay_goblin_kobold_house
D:5:      layout_basic, tso_altar, lemuel_doored_altar,
          grunt_temple_overflow_open
D:6:      layout_basic
D:7:      layout_layer_cave
D:8:      layout_loops_corners
D:9:      layout_rooms, erik_lair_island
Temple:   eino_wide_crystal_templ

Skill      XL: |  1  2  3  4  5  6  7  8  9 |
---------------+----------------------------+-----
Axes           | 3 4 5 6 7 9 |  9.9
Fighting       | 4 5 6 7 9 |  9.5
Armour         | 4 5 6 8 |  8.6
Shields        | 4 5 7 8 |  8.7

Action                   |  1- 3 |  4- 6 |  7- 9 | 10-12 || total
-------------------------+-------+-------+-------+-------++-------
Melee: War axe           |    71 |   100 |   345 |    70 ||   586
Invok: Call Merchant     |       |       |     1 |       ||     1
Evoke: Wand              |       |       |     5 |     1 ||     6
  Use: Potion            |     1 |       |     1 |     9 ||    11
       Scroll            |       |     6 |    17 |     4 ||    27
 Stab: Distracted        |       |       |     2 |       ||     2
Armor: Scale mail        |    39 |    73 |    66 |       ||   178
       Chain mail        |       |       |   133 |    66 ||   199
Dodge: Dodged            |    44 |    62 |   166 |    49 ||   321
Block: Buckler           |    10 |    26 |   142 |    32 ||   210

Table legend: (Time is in decaauts)
 A = Elapsed time spent in this place.
 B = Non-inter-level travel time spent in this place.
 C = Inter-level travel time spent in this place.
 D = Time resting spent in this place.
 E = Time spent auto-exploring this place.
 F = Levels seen in this place.
 G = Mean time per level.
                   A        B        C        D        E       F      G
               +--------+--------+--------+--------+--------+-----+--------+
         Total |   9735 |   9232 |    503 |   1507 |   5836 |  10 |  973.5 |
       Dungeon |   9660 |   9173 |    487 |   1507 |   5796 |   9 | 1073.3 |
        Temple |     74 |     58 |     16 |      0 |     40 |   1 |   74.0 |
               +--------+--------+--------+--------+--------+-----+--------+

Top non-repeatable levels by time:
     D:7: 2124 daAuts
     D:6: 1688 daAuts
     D:8: 1404 daAuts
     D:5: 1321 daAuts
     D:3: 1053 daAuts
     D:1: 826 daAuts
     D:4: 615 daAuts
     D:2: 598 daAuts
  Temple: 74 daAuts
     D:9: 28 daAuts
